 Dungeon Crawl Stone Soup version 0.29.1-1-gd02db6906a (webtiles) character file.

Game seed: 1684996162296299560

37 Kold the Cudgeller (level 3, 0/31 HPs)
             Began as a Meteoran Fighter on Oct 18, 2022.
             Slain by a goblin
             ... wielding a +0 club
             ... led by Robin
              (3 damage)
             ... on level 2 of the Dungeon.
             The game lasted 00:01:29 (839 turns).

Kold the Cudgeller (Meteoran Fighter)                Turns: 839, Time: 00:01:29

Health: 0/31       AC:  6    Str: 19    XL:     3   Next: 88%
Magic:  4/4        EV:  9    Int: 10    God:
Gold:   59         SH:  5    Dex: 13    Spells: 2/2 levels left

rFire   . . .      SeeInvis .   a - +0 flail
rCold   . . .      Faith    .   c - +0 buckler
rNeg    . . .      Spirit   .   b - +0 scale mail
rPois   .          Reflect  .   (no helmet)
rElec   .          Harm     .   (no cloak)
rCorr   .          Rampage  .   (no gloves)
Will    .....                   (no boots)
Stlth   ..........              (no amulet)
HPRegen 0.10/turn               (no ring)
MPRegen 0.09/turn               (no ring)

@: mighty, glowing
A: sense surroundings 1, otherworldly, glowing, explore regen
a: no special abilities


You were on level 2 of the Dungeon.
You visited 1 branch of the dungeon, and saw 2 of its levels.

You collected 59 gold pieces.

Inventory:

Hand Weapons
 a - a +0 flail (weapon)
Armour
 b - a +0 scale mail (worn)
 c - a +0 buckler (worn)
Scrolls
 f - a scroll of identify {unknown}
 g - 2 scrolls of vulnerability {unknown}
 h - a scroll of teleportation {unknown}
Potions
 d - a potion of might


   Skills:
 - Level 3.2 Fighting
 + Level 5.0 Maces & Flails
 - Level 3.6 Armour
 - Level 3.6 Shields


You had 2 spell levels left.
You didn't know any spells.
Your spell library was empty.

Dungeon Overview and Level Annotations

Branches:
Dungeon (2/15) Zot: 340

Altars:
Xom

Annotations:
D:2 Robin


Innate Abilities, Weirdness & Mutations

You passively map a small area around you.
You are easily found by Zot.
You glow in the dark.
You regain HP and MP as you explore.


Message History

The goblin hits you with a +0 club. Robin barely misses you.
The adder bites you but does no damage.
You hit the adder.
You kill the adder!
The goblin hits you with a +0 club. Robin barely misses you.
Your Maces & Flails skill increases to level 5!
You sock the hobgoblin!
You kill the hobgoblin!
Robin hits you but does no damage. The goblin hits you with a +0 club.
The goblin barely misses you.
Robin hits you from afar with a +0 trident.
* * * LOW HITPOINT WARNING * * *
The goblin no longer looks unusually strong.
Robin hits you with a +0 trident.
* * * LOW HITPOINT WARNING * * *
There is a stone staircase leading up, spattered with blood here.
Things that are here:
a +0 dagger; a hobgoblin corpse You feel very mighty all of a sudden.
The goblin misses you. Robin hits you but does no damage.
It was a potion of magic.
Magic courses through your body. The goblin hits you but does no damage.
Robin hits you with a +0 trident.
* * * LOW HITPOINT WARNING * * *
You barely miss Robin. Robin closely misses you. You block the goblin's attack.
You hit Robin.
Robin is lightly wounded.
You block Robin's attack. The goblin hits you but does no damage.
You barely miss Robin.
Robin is lightly wounded.
Robin hits you but does no damage. The goblin barely misses you.
You hit Robin.
Robin is moderately wounded.
Robin roars a battlecry!
The goblin goes into a battle-frenzy!
The goblin closely misses you.
You thump Robin!
Robin is almost dead.
Robin says, "Bow before me, strongest of all the hobgoblins!"
You block Robin's attack. The goblin hits you with a +0 club.
You die...

* #.# *
#.# ** *
#.# * #.#
* #.# #.#
*, #r#
#g# * *,
#@#** *
#.g....#,
* *
#........
#..._..#.
, ,
##.......
.....##
###### *


You could see Robin, a quokka and a goblin (strong).

Vanquished Creatures
  An adder (D:2)
  2 ball pythons (D:1)
  A bat (D:1)
  An endoplasm (D:1)
  A giant cockroach (D:1)
  8 goblins
  5 hobgoblins
  A kobold (D:1)
  6 frilled lizards (D:1)
26 creatures vanquished.

Notes
Turn   | Place    | Note
-------+----------+-------------------------------------------
     0 | D:1      | Kold the Meteoran Fighter began the quest for the Orb.
     0 | D:1      | Reached XP level 1. HP: 19/19 MP: 2/2
    60 | D:1      | Reached skill level 3 in Maces & Flails
    89 | D:1      | Reached XP level 2. HP: 24/26 MP: 3/3
   419 | D:1      | Reached skill level 4 in Maces & Flails
   489 | D:1      | Glimpsed the power of Zot.
   506 | D:2      | Noticed Robin
   506 | D:2      | Found a shimmering altar of Xom.
   515 | D:1      | Reached XP level 3. HP: 27/31 MP: 4/4
   831 | D:2      | Reached skill level 5 in Maces & Flails
   839 | D:2      | Slain by a goblin

Illustrated notes

Levels and vault maps discovered:
D:1:      minmay_arrival_shattered_statue, layout_basic, glass_columns_a
D:2:      layout_loops_ring, basic_altar, shapermc_ecumenical_altar_pompeii,
          uniq_robin

Skill      XL: |  1  2  3 |
---------------+----------+-----
Maces & Flails | 3 4 5 |  5.0
Fighting       | |  3.2
Armour         | |  3.6
Shields        | |  3.6

Action                   || total
-------------------------++-------
Melee: Flail             ||    68
  Use: Potion            ||     2
Armor: Scale mail        ||    42
Dodge: Dodged            ||    28
Block: Buckler           ||    15
